 Dungeon Crawl Stone Soup version 0.30-a0-996-ga6910c8ee8 (webtiles) character file.

Game seed: 8183386930507774883

224 OrthodoxDeviant the Trooper (level 5, -2/43 HPs)
             Began as a Demonspawn Berserker on Apr 4, 2023.
             Was a Believer of Trog.
             Killed from afar by Dowan (23 damage)
             ... with a shard of ice
             ... on level 4 of the Dungeon.
             The game lasted 00:08:36 (2766 turns).

OrthodoxDeviant the Trooper (Demonspawn Berserker)  Turns: 2766, Time: 00:08:37

Health: -2/43      AC:  6    Str: 20    XL:     5   Next: 67%
Magic:  0/5        EV: 11    Int:  8    God:    Trog [**....]
Gold:   196        SH:  0    Dex: 12    Spells: 4/4 levels left

rFire   . . .      SeeInvis .    a - +0 hand axe
rCold   . . .      Faith    .    (no shield)
rNeg    . . .      Spirit   +    o - +0 ring mail
rPois   .          Reflect  .    q - +0 helmet
rElec   .          Rampage  .    (no cloak)
rCorr   .                        (no gloves)
Will    .....                    (no boots)
Stlth   +                        e - amulet of guardian spirit
HPRegen 0.27/turn                (no ring)
MPRegen 0.09/turn                (no ring)

@: on berserk cooldown, slowed, very slow
A: demonic magic 2
a: Renounce Religion, Berserk, Trog's Hand


You were on level 4 of the Dungeon.
You worshipped Trog.
Trog was pleased with you.
You visited 1 branch of the dungeon, and saw 4 of its levels.

You collected 196 gold pieces.

Inventory:

Hand Weapons
 a - a +0 hand axe (weapon)
Missiles
 p - 15 poisoned darts (quivered)
Armour
 j - a +0 robe of willpower
 o - a +0 ring mail (worn)
 q - a +0 helmet (worn)
Jewellery
 e - an amulet of guardian spirit (around neck)
Scrolls
 c - 2 scrolls of fear
 f - a scroll of torment {unknown}
 i - 4 scrolls of identify {unknown}
 k - a scroll of noise {unknown}
 l - a scroll of magic mapping {unknown}
 m - a scroll of enchant armour {unknown}
 n - 2 scrolls of enchant weapon {unknown}
Potions
 b - a potion of flight {unknown}
 d - a potion of might {unknown}
 g - 2 potions of curing {unknown}
 h - a potion of resistance {unknown}


   Skills:
 + Level 4.9 Fighting
 + Level 4.4 Axes
 - Level 2.0 Armour
 - Level 2.0 Dodging


You had 4 spell levels left.
You didn't know any spells.
Your spell library was empty.

Dungeon Overview and Level Annotations

Branches:
Dungeon (4/15)
 Temple: D:4-7

Altars:
Hepliaklqana

Shops:
D:3 *

Annotations:
D:4 Dowan


Innate Abilities, Weirdness & Mutations

Spells you cast may paralyse nearby enemies.


Message History

Duvessa is almost dead.
Duvessa barely misses you.
You closely miss Duvessa.
Duvessa is almost dead.
Duvessa says, "My weaknesses are his strengths!"
Duvessa closely misses you.
Dowan casts a spell.
Dowan blinks!
You slash Duvessa!
You kill Duvessa!
Trog accepts your kill.
You hear a distant wail of despair.
Your Axes skill increases to level 4!
You have reached level 5!
Your demonic ancestry asserts itself...
Your magic grows more menacing.
You closely miss the iguana. You slash the iguana!
You kill the iguana!
Trog accepts your kill.
Things that are here:
a +0 short sword; a +0 leather armour; an iguana corpse You feel a strong urge to attack something.
Dowan seems to find hidden reserves of power!
You are no longer berserk.
You are exhausted.
You feel yourself slow down. Dowan gestures at you while chanting.
The shard of ice hits you!
You hit Dowan.
Dowan is lightly wounded.
Dowan hits you with a +0 dagger.
Dowan gestures wildly while chanting.
Dowan blinks!
Dowan hits you but does no damage.
You miss Dowan.
Dowan is lightly wounded.
Dowan points at you and mumbles some strange words.
The shard of ice hits you!!
Ouch! That really hurt!
You die...

# #. #.### #....
... ..#
##ยง#########.#
#..@.)....##.#
......e######.##.#
######. #.##.# #.
#.##.# #. #.##.#
#. ##.##.# #.
#.....# #. #..#.##
#.##.########


You could see Dowan (fast).

Vanquished Creatures
  Duvessa (D:4)
  An iguana (D:4)
  2 adders (D:3)
  A worm (D:2)
  3 dart slugs
  An orc (D:3)
  8 endoplasms
  5 giant cockroaches
  6 goblins
  3 hobgoblins
  2 jackals (D:1)
  3 quokkas
  6 ball pythons
  3 bats
  5 frilled lizards
  7 kobolds
  3 rats (D:2)
60 creatures vanquished.

Notes
Turn   | Place    | Note
-------+----------+-------------------------------------------
     0 | D:1      | OrthodoxDeviant the Demonspawn Berserker began the quest
                  | for the Orb.
     0 | D:1      | Reached XP level 1. HP: 18/18 MP: 1/1
   237 | D:1      | Gained mutation: Spells you cast may paralyse adjacent
                  | enemies. [demonic ancestry]
   237 | D:1      | Reached XP level 2. HP: 20/24 MP: 2/2
   704 | D:2      | Found a hazy altar of Hepliaklqana.
   874 | D:2      | Reached XP level 3. HP: 9/29 MP: 1/3
  1150 | D:2      | Reached ** piety under Trog
  1824 | D:3      | Found Ampyter's Assorted Antiques.
  1946 | D:3      | Reached XP level 4. HP: 34/37 MP: 4/4
  2089 | D:3      | Found a hazy altar of Hepliaklqana.
  2744 | D:4      | Noticed Dowan
  2746 | D:4      | Noticed Duvessa
  2759 | D:4      | Killed Duvessa
  2760 | D:4      | Gained mutation: Spells you cast may paralyse nearby
                  | enemies. [demonic ancestry]
  2760 | D:4      | Reached XP level 5. HP: 43/43 MP: 2/5
  2766 | D:4      | Killed from afar by Dowan

Illustrated notes

Levels and vault maps discovered:
D:1:      lightli_iron_boxes, layout_loops_ring
D:2:      layout_loops_cross, basic_altar
D:3:      layout_loops_ring, mainiacjoe_overflow_tiny_flanked, serial_shops,
          shop, st_stairs_12, grunt_ministairs_1
D:4:      layout_loops_ring, nicolae_wu_jian_glorious_leap, old_standard_altar,
          uniq_duvessa, uniq_natasha

Skill      XL: |  1  2  3  4 |
---------------+-------------+-----
Armour         | 2 |  2.0
Dodging        | 2 |  2.0
Axes           | 3 4 |  4.4
Fighting       | 4 |  4.9

Action                     |  1- 3 |  4- 6 || total
---------------------------+-------+-------++-------
  Melee: Hand axe          |   148 |    56 ||   204
         Punch             |     1 |       ||     1
 Invoke: Berserk           |       |     1 ||     1
    Use: Scroll            |     1 |       ||     1
   Stab: Sleeping          |     1 |       ||     1
 Armour: Animal skin       |    11 |       ||    11
         Ring mail         |    14 |    22 ||    36
         Leather armour    |     3 |       ||     3
  Dodge: Dodged            |    80 |    25 ||   105

Table legend: (Time is in decaauts)
 A = Elapsed time spent in this place.
 B = Non-inter-level travel time spent in this place.
 C = Inter-level travel time spent in this place.
 D = Time resting spent in this place.
 E = Time spent auto-exploring this place.
 F = Levels seen in this place.
 G = Mean time per level.
                   A        B        C        D        E       F      G
               +--------+--------+--------+--------+--------+-----+--------+
         Total |   2789 |   2395 |    394 |     61 |   1774 |   4 |  697.2 |
       Dungeon |   2789 |   2395 |    394 |     61 |   1774 |   4 |  697.2 |
               +--------+--------+--------+--------+--------+-----+--------+

Top non-repeatable levels by time:
     D:2: 1012 daAuts
     D:3: 863 daAuts
     D:1: 667 daAuts
     D:4: 246 daAuts
